 Dungeon Crawl Stone Soup version 0.17-a0-870-gcb215c1 (webtiles) character file.

6428 inmateoo the Tainter (level 11, -2/62 HPs)
             Began as a Kobold Venom Mage on Apr 29, 2015.
             Was an Elder of Okawaru.
             Killed by the air
             ... invoked by Gastronok
              (24 damage)
             ... on level 1 of the Orcish Mines.
             The game lasted 00:31:30 (10428 turns).

inmateoo the Tainter (Kobold Venom Mage)           Turns: 10428, Time: 00:31:30

Health: -2/62      AC:  8    Str: 13    XL:     11   Next: 18%
Magic:  2/19       EV: 29    Int: 15    God:    Okawaru [****..]
Gold:   1013       SH:  0    Dex: 28    Spells: 5 memorised, 6 levels left

rFire  . . .     SeeInvis .     i - +2 whip (elec)
rCold  . . .     Clarity  .     a - +0 robe
rNeg   + . .     SustAb   .     (shield restricted)
rPois  .         Gourm    .     r - +0 helmet
rElec  .         Spirit   .     (no cloak)
rCorr  .         Warding  .     e - +0 pair of gloves
rMut   .         Stasis   .     (no boots)
MR     .....                    s - amulet of regeneration
Stlth  +++++++...               q - ring of positive energy
                                d - +5 ring of dexterity

@: mighty, agile, very slightly contaminated, hasted, very quick, not resistant
to hostile enchantments, extremely stealthy
A: hooves 1, rough black scales 1, thin skeletal structure 1, carnivore 3
a: Heroism, Renounce Religion


You were on level 1 of the Orcish Mines.
You worshipped Okawaru.
Okawaru was greatly pleased with you.
You were not hungry.

You visited 3 branches of the dungeon, and saw 13 of its levels.
You also visited: Sewer.

You collected 1013 gold pieces.

Inventory:

Hand weapons
 i - a +2 whip of electrocution (weapon)
 o - a +0 dagger of electrocution
 J - a +1 dagger of venom
 K - a +1 war axe of flaming
Armour
 a - a +0 robe (worn)
 e - a +0 pair of gloves (worn)
 r - a +0 helmet (worn)
Magical staves
 G - an uncursed staff of wizardry
Jewellery
 d - a +5 ring of dexterity (left hand)
 q - a ring of positive energy (right hand)
 s - an amulet of regeneration (around neck)
 t - an uncursed ring of sustain abilities
Magical devices
 h - a wand of draining (9)
 x - a wand of magic darts (34)
 y - a wand of lightning (11)
 z - a wand of paralysis (16)
 E - a wand of digging (4)
 I - a wand of random effects (27)
Scrolls
 f - 3 scrolls of fog
 l - 3 scrolls of identify
 p - a scroll of recharging
 u - a scroll of teleportation
 H - a scroll of amnesia
Potions
 k - a potion of haste
 m - a potion of curing
 n - a potion of might
 v - 2 potions of magic
 w - a potion of brilliance
 A - a potion of flight
 D - 2 potions of cancellation
 F - a potion of ambrosia
Books
 b - a Young Poisoner's Handbook

   Spells                             Type                      Level
   a - Sting                          Conjuration/Poison           1
   b - Cure Poison                    Poison                       2
   c - Mephitic Cloud                 Conjuration/Poison/Air       3
   d - Olgreb's Toxic Radiance        Poison                       4
   e - Venom Bolt                     Conjuration/Poison           5
 C - a book of Frost

   Spells                             Type                      Level
   a - Freeze                         Ice                          1
   b - Throw Frost                    Conjuration/Ice              2
   c - Ozocubu's Armour               Charms/Ice                   3
   d - Throw Icicle                   Conjuration/Ice              4
   e - Summon Ice Beast               Ice/Summoning                4
   f - Condensation Shield            Ice                          4
Comestibles
 c - 12 meat rations
 g - a beef jerky


   Skills:
 + Level 4.9 Fighting
 - Level 6.6 Short Blades
 * Level 3.5 Maces & Flails
 + Level 7.4 Dodging
 + Level 9.2 Stealth
 + Level 5.9 Spellcasting
 + Level 1.8 Conjurations
 * Level 9.8 Poison Magic
 + Level 2.5 Invocations


You had 6 spell levels left.
You knew the following spells:

 Your Spells              Type           Power        Failure   Level  Hunger
a - Sting                 Conj/Pois      ###.         1%          1    None
b - Cure Poison           Pois           ####......   1%          2    #......
c - Mephitic Cloud        Conj/Pois/Air  ###.....     12%         3    ###....
d - Olgreb's Toxic Radia  Pois           ####....     2%          4    ####...
e - Venom Bolt            Conj/Pois      ###.......   41%         5    ######.


Dungeon Overview and Level Annotations

Branches:
Dungeon (10/15)            Temple (1/1) D:5            Lair (0/8) D:9
    Orc (2/4) D:10

Altars:
Ashenzari
Cheibriados
Dithmenos
Elyvilon
Fedhas
Gozag
Kikubaaqudgha
Makhleb
Nemelex Xobeh
Okawaru
Qazlal
Ru
Sif Muna
Trog
Vehumet
Xom
Yredelemnul
Zin
The Shining One
Beogh

Annotations:
D:4 exclusion: statue
D:9 Erolcha
D:10 Protee's ghost, powerful DsWz; Urug
Orc:1 Gastronok


Innate Abilities, Weirdness & Mutations

You are small and have problems with some larger weapons.
You are carnivorous and can eat meat at any time.
You have large cloven feet.
You are partially covered in rough black scales (AC +4, Dex -1).
You have a somewhat thin skeletal structure (Dex +2, Stealth).


Message History

Things that are here:
a club; a dagger Unknown command.
You whack Gastronok!
There is a sudden explosion of sparks!
Gastronok is heavily wounded.
Gastronok waves his eye-stalks in wide circles.
The air twists around and strikes you!
Unknown command.
You whack Gastronok!
There is a sudden explosion of sparks!
You kick Gastronok!
Gastronok is severely wounded.
Unknown command.
You whack Gastronok!
There is a sudden explosion of sparks!
You kick Gastronok.
Gastronok is almost dead.
Unknown command.
You whack Gastronok! You kick Gastronok.
Gastronok is almost dead.
Gastronok gurgles, "It's true, you are what you eat."
Gastronok waves his eye-stalks in wide circles.
The air twists around and strikes you!
You die...

###### ##############
##.##.####.#.#...#.##.## ###
#......................### #.##
##.#..................##.## ...#
#####.#...................#
#..####.#...................#...#
....#............)(..............
...............w@<..........#.#.#
#......#....#....[[.........#####
#...)...................#..##
...##......(.............######
#.###.....................###.##
###.#.........#..#[.......#....#
#.............#......##......##
##.##..........).....##..#..##
###.....................##.##


You could see Gastronok.

Vanquished Creatures
  A troll (D:10)
  Prince Ribbit (D:9)
  Sigmund (D:4)
  3 hippogriffs
  A deep elf fighter (D:9)
  5 yaks (D:9)
  A sky beast (D:6)
  9 orc warriors
  7 ogres
  3 phantoms
  An eye of draining (D:9)
  2 centaurs
  2 big kobolds
  A crocodile (D:9)
  3 giant frogs
  2 scorpions
  10 killer bees (D:9)
  An electric eel (Orc:2)
  2 crimson imps
  3 hounds
  A giant frog zombie (D:5)
  A centaur skeleton (D:6)
  7 orc priests
  18 orc wizards
  An iguana (D:10)
  9 worker ants
  A hound zombie (D:7)
  A hound skeleton (D:6)
  A worker ant zombie (D:5)
  Robin (D:3)
  8 adders
  4 gnolls (D:5)
  A river rat (D:9)
  A shadow imp (D:10)
  3 oozes
  2 worms
  99 orcs
  22 bats
  9 giant cockroaches
  13 hobgoblins
  13 jackals
  2 quokkas
  5 ball pythons
  10 giant geckos
  A giant gecko skeleton (D:5)
  7 giant newts
  A giant spore (D:7)
  25 goblins
  26 kobolds
  A quokka skeleton (D:8)
  26 rats
  6 ballistomycetes
  7 plants (Sewer)
392 creatures vanquished.

Vanquished Creatures (collateral kills)
  A killer bee (D:9)
1 creature vanquished.

Vanquished Creatures (others)
  A killer bee (D:9)
  An orc wizard (D:10)
  4 giant spores
  A ballistomycete (D:10)
  2 fungi (D:9)
9 creatures vanquished.

Grand Total: 402 creatures vanquished

Notes
Turn   | Place    | Note
--------------------------------------------------------------
     0 | D:1      | inmateoo, the Kobold Venom Mage, began the quest for the Orb.
     0 | D:1      | Reached XP level 1. HP: 10/10 MP: 3/3
   163 | D:1      | Reached XP level 2. HP: 9/15 MP: 1/5
   610 | D:1      | Reached skill level 1 in Short Blades
   610 | D:1      | Reached XP level 3. HP: 8/19 MP: 6/6
  1216 | D:2      | Reached XP level 4. HP: 24/24 MP: 7/7
  1315 | D:2      | Learned a level 2 spell: Cure Poison
  1319 | D:2      | Learned a level 3 spell: Mephitic Cloud
  2037 | D:3      | Noticed an ogre
  2044 | D:3      | Noticed Robin
  2057 | D:3      | Killed an ogre
  2057 | D:3      | Reached XP level 5. HP: 28/28 MP: 3/8
  2124 | D:3      | Reached XP level 6. HP: 25/32 MP: 4/9
  2132 | D:3      | Killed Robin
  2309 | D:3      | Reached skill level 5 in Poison Magic
  2658 | D:4      | Noticed Sigmund
  2669 | D:4      | Killed Sigmund
  2669 | D:4      | Reached skill level 5 in Stealth
  2669 | D:4      | Reached XP level 7. HP: 31/36 MP: 7/11
  2859 | D:4      | Found a radiant altar of Vehumet.
  3270 | D:5      | Entered Level 5 of the Dungeon
  3319 | D:5      | Reached skill level 6 in Poison Magic
  3475 | D:5      | Learned a level 4 spell: Olgreb's Toxic Radiance
  3502 | D:5      | Reached skill level 5 in Short Blades
  3573 | D:5      | Reached XP level 8. HP: 10/41 MP: 8/12
  3650 | D:5      | Found a staircase to the Ecumenical Temple.
  3768 | D:5      | Found a shimmering altar of Xom.
  3846 | D:5      | Found a glowing drain.
  3872 | Sewer    | Entered a sewer
  4959 | Temple   | Entered the Ecumenical Temple
  4992 | Temple   | Became a worshipper of Warmaster Okawaru
  5441 | D:6      | Gained mutation: You have a somewhat thin skeletal structure (Dex +2, Stealth). [mutagenic meat]
  5442 | D:6      | Gained mutation: You have large cloven feet. [mutagenic meat]
  5443 | D:6      | Gained mutation: You are partially covered in rough black scales (AC +4, Dex -1). [mutagenic meat]
  5577 | D:7      | Reached skill level 7 in Poison Magic
  5614 | D:7      | Reached skill level 5 in Dodging
  5614 | D:7      | Reached XP level 9. HP: 45/45 MP: 5/15
  5985 | D:7      | Acquired Okawaru's first power
  5985 | D:7      | Reached skill level 1 in Fighting
  6764 | D:8      | Reached skill level 8 in Poison Magic
  7038 | D:9      | Noticed Erolcha
  7137 | D:9      | Reached skill level 5 in Spellcasting
  7159 | D:9      | Reached XP level 10. HP: 28/56 MP: 3/17
  7540 | D:9      | Noticed Prince Ribbit
  7545 | D:9      | Reached skill level 9 in Poison Magic
  7547 | D:9      | Reached skill level 1 in Maces & Flails
  7567 | D:9      | Killed Prince Ribbit
  7567 | D:9      | Reached skill level 1 in Invocations
  7903 | D:9      | Found a staircase to the Lair.
  8122 | D:10     | Entered Level 10 of the Dungeon
  8122 | D:10     | Noticed Protee's ghost (powerful DsWz)
  8180 | D:10     | Learned a level 5 spell: Venom Bolt
  8341 | D:10     | Found a staircase to the Orcish Mines.
  8579 | D:10     | Noticed Urug
  8580 | D:10     | Noticed a green ugly thing
  8580 | D:10     | Noticed a white ugly thing
  8606 | D:10     | Noticed a gargoyle
  8822 | Orc:1    | Entered Level 1 of the Orcish Mines
  9090 | Orc:1    | You fall through a shaft!
  9119 | Orc:2    | Reached XP level 11. HP: 44/62 MP: 6/19
  9189 | Orc:2    | Reached skill level 1 in Conjurations
  9608 | Orc:1    | Noticed Gastronok
 10024 | Orc:1    | You fall through a shaft!
 10024 | Orc:2    | Found a roughly hewn altar of Beogh.
 10428 | Orc:1    | Killed from afar by Gastronok

Action                   |  1- 3 |  4- 6 |  7- 9 | 10-12 || total
-------------------------+-------+-------+-------+-------++-------
Melee: Unarmed           |    18 |       |       |       ||    18
       Short sword       |    55 |   150 |       |       ||   205
       Flail             |       |    13 |   402 |       ||   415
       Whip              |       |       |   191 |   351 ||   542
       Dagger            |       |       |       |    20 ||    20
       Staff             |       |       |       |     6 ||     6
 Cast: Sting             |    23 |    56 |    91 |    85 ||   255
       Mephitic Cloud    |       |       |    17 |    24 ||    41
       Olgreb's Toxic Ra |       |       |     2 |    10 ||    12
       Cure Poison       |       |       |     1 |     3 ||     4
       Venom Bolt        |       |       |       |     4 ||     4
Invok: Heroism           |       |       |       |     1 ||     1
  Use: Scroll            |     9 |     6 |     9 |     2 ||    26
       Potion            |       |       |     3 |     8 ||    11
 Stab: Sleeping          |     5 |     6 |    17 |     5 ||    33
       Distracted        |       |       |     1 |       ||     1
       Confused          |       |       |     3 |    10 ||    13
  Eat: Chunk             |     1 |     7 |    24 |    16 ||    48
       Beef jerky        |       |       |       |     2 ||     2
